[Event "10th Iberoamericano-ch 2024"]
[Site "Linares"]
[Date "2024.09.27"]
[Round "5.39"]
[White "Vehi Bach, Victor Manuel"]
[Black "Aragon Trujillo, Ricardo M."]
[Result "1/2-1/2"]
[ECO "B90"]
[WhiteElo "2191"]
[BlackElo "2057"]
[Annotator "ChessBase"]
[PlyCount "64"]
[EventDate "2024.09.25"]
[EventType "swiss"]
[EventCountry "ESP"]
[SourceTitle "playchess.com"]
[Source "ChessBase"]
[SourceQuality "1"]
[TimeControl "5400+30"]

1. e4 c5 2. Nf3 d6 3. d4 Nf6 4. Nc3 cxd4 5. Nxd4 a6 6. h3 e5 7. Nb3 Be6 8. f4 Nbd7 9. f5 Bxb3 10. axb3 d5 11. exd5 Bb4 12. Be2 Ne4 13. O-O Nxc3 14. bxc3 Bxc3 15. Rb1 Nf6 16. Bg5 e4 17. d6 Qb6+ 18. Kh1 Rd8 19. Bxf6 gxf6 20. Qd5 Qe3 21. Bh5 Rd7 22. b4 Be5 23. Rb3 Qg5 24. Be2 Qh4 25. Re3 Rg8 26. Qxe4 Qxe4 27. Rxe4 Rxd6 28. Bd3 Ke7 29. Rh4 b5 30. Re1 Rc8 31. Kg1 Rcd8 32. Ree4 Rd4 1/2-1/2

[Event "10th Iberoamericano-ch 2024"]
[Site "Linares"]
[Date "2024.09.27"]
[Round "5.40"]
[White "Galvan Cipriani, Viviana"]
[Black "Buiza Prieto, Eihartze"]
[Result "1/2-1/2"]
[ECO "A36"]
[WhiteElo "2141"]
[BlackElo "2056"]
[Annotator "ChessBase"]
[PlyCount "102"]
[EventDate "2024.09.25"]
[EventType "swiss"]
[EventCountry "ESP"]
[SourceTitle "playchess.com"]
[Source "ChessBase"]
[SourceQuality "1"]
[TimeControl "5400+30"]

1. c4 c5 2. Nc3 Nc6 3. g3 g6 4. Bg2 Bg7 5. e3 e6 6. Nge2 Nge7 7. Rb1 O-O 8. O-O d5 9. d3 b6 10. b3 Bb7 11. Ba3 Qd7 12. Qc2 d4 13. exd4 Nxd4 14. Nxd4 Bxd4 15. Bxb7 Qxb7 16. Ne2 Nc6 17. h3 Rad8 18. Kh2 Ne5 19. Ng1 Rd7 20. Bc1 Nf3+ 21. Nxf3 Qxf3 22. Bf4 Rfd8 23. b4 cxb4 24. Rxb4 Bc5 25. Rb3 Rxd3 26. Bg5 Rxb3 27. Qxb3 Qxb3 28. axb3 Rd3 29. Kg2 Kg7 30. Rb1 f6 31. b4 Bxb4 32. Bxf6+ Kxf6 33. Rxb4 Rc3 34. f4 Ke7 35. h4 Kd6 36. h5 gxh5 37. Kh3 e5 38. fxe5+ Kxe5 39. Rb5+ Kf6 40. Rxh5 Rxc4 41. Rxh7 Ra4 42. Rb7 Kg6 43. Rh7 Kf6 44. Rb7 Kg6 45. g4 Ra5 46. Kg3 a6 47. Kh4 b5 48. Rb6+ Kg7 49. g5 Ra1 50. Kh5 Rh1+ 51. Kg4 Rf1 1/2-1/2

[Event "10th Iberoamericano-ch 2024"]
[Site "Linares"]
[Date "2024.09.28"]
[Round "6.1"]
[White "Garcia Ramos, Daniel"]
[Black "Quesada Perez, Luis Ernesto"]
[Result "0-1"]
[ECO "C50"]
[WhiteElo "2415"]
[BlackElo "2578"]
[Annotator "ChessBase"]
[PlyCount "112"]
[EventDate "2024.09.25"]
[EventType "swiss"]
[EventCountry "ESP"]
[SourceTitle "playchess.com"]
[Source "ChessBase"]
[SourceQuality "1"]
[TimeControl "5400+30"]

1. e4 e5 2. Nf3 Nc6 3. Bc4 Nf6 4. d3 Bc5 5. a4 d6 6. a5 a6 7. c3 Ba7 8. O-O O-O 9. Be3 Bxe3 10. fxe3 Ne7 11. Nbd2 Ng6 12. d4 Qe7 13. Qb3 Bd7 14. Rae1 h6 15. h3 Rab8 16. Qc2 Rbe8 17. Rf2 Kh8 18. Nf1 c6 19. Ng3 d5 20. exd5 cxd5 21. Ba2 e4 22. Nd2 Qd6 23. Ndf1 Ne7 24. Qb3 Rc8 25. Ne2 Bb5 26. Nfg3 Nfg8 27. Qd1 f5 28. Ref1 g6 29. Bb3 h5 30. Rf4 Nh6 31. Ba4 Bxa4 32. Qxa4 g5 33. R4f2 h4 34. Nh1 f4 35. Qa3 Qxa3 36. bxa3 Nef5 37. exf4 g4 38. Rb1 g3 39. Rff1 Rc7 40. Rb6 Kg7 41. Rfb1 Rff7 42. Re6 Rf6 43. Re5 Rd7 44. Re8 Nf7 45. Rc8 N7d6 46. Rb8 Rf8 47. Rxf8 Kxf8 48. Rb6 Kf7 49. a4 Nc4 50. Rb1 Rc7 51. Rb4 Nxa5 52. Kf1 Nc4 53. Ke1 Nce3 54. Kd2 Nc4+ 55. Kc1 Ke6 56. Rb3 Rg7 0-1

[Event "10th Iberoamericano-ch 2024"]
[Site "Linares"]
[Date "2024.09.28"]
[Round "6.4"]
[White "Santos Flores, Alberto"]
[Black "Avila Pavas, Santiago"]
[Result "0-1"]
[ECO "B03"]
[WhiteElo "2168"]
[BlackElo "2485"]
[Annotator "ChessBase"]
[PlyCount "100"]
[EventDate "2024.09.25"]
[EventType "swiss"]
[EventCountry "ESP"]
[SourceTitle "playchess.com"]
[Source "ChessBase"]
[SourceQuality "1"]
[TimeControl "5400+30"]

1. e4 Nf6 2. e5 Nd5 3. d4 d6 4. Bc4 Nb6 5. Bb3 dxe5 6. Qf3 e6 7. dxe5 a5 8. c3 Bd7 9. Nd2 Bb5 10. c4 Bc6 11. Qg3 a4 12. Bc2 Bb4 13. Qxg7 Rf8 14. a3 Ba5 15. Ne2 Nxc4 16. Nc3 Qd4 17. O-O Nxd2 18. Rd1 Bxc3 19. bxc3 Qxc3 20. Bxd2 Qxc2 21. Bb4 Nd7 22. Qg5 Nc5 23. Rac1 Qg6 24. Qxg6 fxg6 25. Bxc5 Rf5 26. Be3 Rd8 27. f4 Rf7 28. Rxd8+ Kxd8 29. Kf2 Rd7 30. Rc2 Bb5 31. g4 Rd3 32. Rd2 Rxd2+ 33. Bxd2 Kd7 34. Ke3 c5 35. Ke4 Kc6 36. h4 h5 37. gxh5 gxh5 38. f5 exf5+ 39. Kxf5 Kd5 40. e6 Bc6 41. e7 b5 42. Kg6 Be8+ 43. Kg7 Kc4 44. Kf8 Bd7 45. e8=Q Bxe8 46. Kxe8 b4 47. axb4 cxb4 48. Kf7 a3 49. Bc1 a2 50. Bb2 Kb3 0-1

[Event "10th Iberoamericano-ch 2024"]
[Site "Linares"]
[Date "2024.09.28"]
[Round "6.5"]
[White "Fernandez Guillen, Ernesto J."]
[Black "Garrido Outon, Alex"]
[Result "1-0"]
[ECO "C50"]
[WhiteElo "2463"]
[BlackElo "2448"]
[Annotator "ChessBase"]
[PlyCount "66"]
[EventDate "2024.09.25"]
[EventType "swiss"]
[EventCountry "ESP"]
[SourceTitle "playchess.com"]
[Source "ChessBase"]
[SourceQuality "1"]
[TimeControl "5400+30"]

1. e4 e5 2. Nf3 Nc6 3. Bc4 d6 4. h3 Be7 5. d4 Nf6 6. Nc3 O-O 7. d5 Nb8 8. g4 Nbd7 9. Be3 Nb6 10. Bb3 c6 11. g5 Nfd7 12. dxc6 bxc6 13. Rg1 Ba6 14. Nd2 Nc5 15. g6 hxg6 16. Rxg6 Bf6 17. Rg1 Qe7 18. Qf3 Rfd8 19. O-O-O Nxb3+ 20. axb3 Qe6 21. Bg5 Nd7 22. h4 Bxg5 23. Rxg5 f6 24. Rg3 Nf8 25. Rdg1 Rd7 26. Nd1 g6 27. Ne3 Kh8 28. Ng4 Rf7 29. Qc3 d5 30. Nf3 Re8 31. Ngxe5 fxe5 32. Ng5 Qf6 33. Rf3 Qe7 1-0

[Event "10th Iberoamericano-ch 2024"]
[Site "Linares"]
[Date "2024.09.28"]
[Round "6.6"]
[White "Zambrana, Osvaldo"]
[Black "Vallejo Pons, Francisco"]
[Result "0-1"]
[ECO "B90"]
[WhiteElo "2405"]
[BlackElo "2657"]
[Annotator "ChessBase"]
[PlyCount "82"]
[EventDate "2024.09.25"]
[EventType "swiss"]
[EventCountry "ESP"]
[SourceTitle "playchess.com"]
[Source "ChessBase"]
[SourceQuality "1"]
[TimeControl "5400+30"]

1. e4 c5 2. Nf3 d6 3. d4 cxd4 4. Nxd4 Nf6 5. Nc3 a6 6. Rg1 b5 7. g4 Bb7 8. Bg2 e6 9. Qe2 Nfd7 10. Be3 Nc6 11. O-O-O Be7 12. a3 Nce5 13. f4 Nc4 14. Bf2 O-O 15. h4 Rc8 16. Rd3 Re8 17. g5 e5 18. fxe5 Ndxe5 19. Rg3 g6 20. Kb1 Bf8 21. Qd1 Bg7 22. Nb3 a5 23. Bd4 Bc6 24. Bf1 b4 25. axb4 axb4 26. Bxc4 bxc3 27. Rxc3 Bxe4 28. Bb5 Rf8 29. Re1 Rb8 30. Rxe4 Rxb5 31. Qf1 Qa8 32. Re1 Qa4 33. Rc7 Rxb3 34. Bxe5 Bxe5 35. cxb3 Qxb3 36. Qf2 Ra8 37. Rxe5 dxe5 38. Qc2 Qa2+ 39. Kc1 Qa1+ 40. Qb1 Qa5 41. Rc3 Qb4 0-1

[Event "10th Iberoamericano-ch 2024"]
[Site "Linares"]
[Date "2024.09.28"]
[Round "6.7"]
[White "Veiga, Jose Francisco R P N"]
[Black "Henriquez Villagra, Cristobal"]
[Result "0-1"]
[ECO "B22"]
[WhiteElo "2404"]
[BlackElo "2604"]
[Annotator "ChessBase"]
[PlyCount "98"]
[EventDate "2024.09.25"]
[EventType "swiss"]
[EventCountry "ESP"]
[SourceTitle "playchess.com"]
[Source "ChessBase"]
[SourceQuality "1"]
[TimeControl "5400+30"]

1. e4 c5 2. c3 Nf6 3. e5 Nd5 4. Nf3 Nc6 5. Bc4 Nb6 6. Bb3 d5 7. exd6 e6 8. O-O Bxd6 9. d4 c4 10. Bc2 Ne7 11. Re1 Qc7 12. Nbd2 Ned5 13. Ne4 Be7 14. Ng3 O-O 15. Ne5 f5 16. Qe2 Bf6 17. Nh5 Bxe5 18. Qxe5 Qxe5 19. Rxe5 Bd7 20. Bd2 g6 21. Ng3 Kf7 22. Rae1 Rfe8 23. f3 Ba4 24. Bb1 a5 25. Nh1 Nd7 26. R5e2 Ra6 27. Nf2 Kg7 28. g4 N7f6 29. h4 Rb6 30. Bc1 Kf7 31. Bg5 h5 32. gxh5 Nxh5 33. Nh3 Bd7 34. Kf2 Rh8 35. Bc1 Ng7 36. Bg5 Re8 37. Rg1 Nh5 38. Rge1 Nhf6 39. Bh6 Rh8 40. Bg5 Ra6 41. Kg1 b5 42. Bd2 b4 43. Ng5+ Ke7 44. cxb4 axb4 45. b3 c3 46. Bc1 Nh5 47. Kh2 Nhf4 48. Rf2 Bb5 49. Bxf4 Nxf4 0-1

[Event "10th Iberoamericano-ch 2024"]
[Site "Linares"]
[Date "2024.09.28"]
[Round "6.8"]
[White "Cesar Maestre, Bernardo"]
[Black "Fier, Alexandr"]
[Result "0-1"]
[ECO "B92"]
[WhiteElo "2369"]
[BlackElo "2551"]
[Annotator "ChessBase"]
[PlyCount "120"]
[EventDate "2024.09.25"]
[EventType "swiss"]
[EventCountry "ESP"]
[SourceTitle "playchess.com"]
[Source "ChessBase"]
[SourceQuality "1"]
[TimeControl "5400+30"]

1. e4 c5 2. Nf3 d6 3. d4 cxd4 4. Nxd4 Nf6 5. Nc3 a6 6. Be2 e5 7. Nb3 Be7 8. Be3 Be6 9. f4 b5 10. fxe5 dxe5 11. Qxd8+ Bxd8 12. Nc5 Bc8 13. Nd3 Nc6 14. O-O-O O-O 15. Bf3 Re8 16. Nf2 Rb8 17. Nd5 Nxd5 18. exd5 Nd4 19. Bxd4 exd4 20. Rxd4 Bb6 21. Re4 Rd8 22. Nd3 Bb7 23. Re2 Bxd5 24. Bxd5 Rxd5 25. Nb4 Rdd8 26. Nc6 Re8 27. Rhe1 Rxe2 28. Rxe2 Ra8 29. c3 g6 30. Kc2 Kg7 31. Nb4 Bc7 32. h3 Bd6 33. Kb3 a5 34. Nd3 a4+ 35. Kc2 h5 36. a3 g5 37. Re4 Kf6 38. Ne1 Kf5 39. Kd3 g4 40. Nc2 Kg5 41. Rd4 Be5 42. Rd5 f6 43. hxg4 Kxg4 44. Rxb5 Kg3 45. Ne3 Kf2 46. Rb4 Rd8+ 47. Ke4 Re8 48. Kd3 Bd6 49. Re4 Rxe4 50. Kxe4 Bc5 51. Nd5 h4 52. Nxf6 Kxg2 53. Nd5 Kg3 54. Nf4 Bd6 55. Ne2+ Kf2 56. Nd4 h3 57. Nf3 Bb8 58. c4 Bd6 59. c5 Bxc5 60. Kf4 Bd6+ 0-1

[Event "10th Iberoamericano-ch 2024"]
[Site "Linares"]
[Date "2024.09.28"]
[Round "6.9"]
[White "Salinas Herrera, Pablo"]
[Black "Palma Villanueva, Miguel Tadeo"]
[Result "1-0"]
[ECO "B23"]
[WhiteElo "2479"]
[BlackElo "2266"]
[Annotator "ChessBase"]
[PlyCount "101"]
[EventDate "2024.09.25"]
[EventType "swiss"]
[EventCountry "ESP"]
[SourceTitle "playchess.com"]
[Source "ChessBase"]
[SourceQuality "1"]
[TimeControl "5400+30"]

1. e4 c5 2. Nc3 e6 3. g3 Nc6 4. Bg2 a6 5. Nge2 b5 6. d4 cxd4 7. Nxd4 Bb7 8. O-O Bc5 9. Nb3 Bb6 10. Bf4 e5 11. Bd2 Nf6 12. a4 O-O 13. Bg5 Nd4 14. Nxd4 Bxd4 15. axb5 h6 16. Bxf6 Qxf6 17. Ne2 axb5 18. Rxa8 Bxa8 19. Nxd4 exd4 20. Qd3 Qb6 21. Rd1 Rc8 22. h4 Kf8 23. Rd2 Bb7 24. Qf3 Qc5 25. c3 dxc3 26. Rxd7 Qc4 27. bxc3 Bc6 28. Rd4 Qe6 29. Qd3 Be8 30. Rd8 Rxd8 31. Qxd8 f6 32. Kh2 Qe7 33. Qd4 Bc6 34. f3 Kf7 35. Bf1 g5 36. hxg5 hxg5 37. Bxb5 Bxb5 38. Qd5+ Kg7 39. Qxb5 Qa7 40. Qe2 Qc5 41. c4 Qa3 42. e5 fxe5 43. Qxe5+ Kg6 44. Qe4+ Kh6 45. Kh3 Qd6 46. Qd5 Qc7 47. c5 Qc8+ 48. Kg2 Qe8 49. c6 Qe2+ 50. Kh3 g4+ 51. Kxg4 1-0